 Dungeon Crawl Stone Soup version 0.29.1-12-g30fa7ad0bf (webtiles) character file.

Game seed: 17217364235760286993

65 KittyFluff the Covered (level 4, -1/29 HPs)
             Began as a Gargoyle Fighter on Dec 28, 2022.
             Slain by a gnoll
             ... wielding a +0 flail
              (8 damage)
             ... on level 2 of the Dungeon.
             The game lasted 00:09:12 (2282 turns).

KittyFluff the Covered (Gargoyle Fighter)           Turns: 2282, Time: 00:09:13

Health: -1/29      AC:  7    Str: 19    XL:     4   Next: 13%
Magic:  4/4        EV: 10    Int:  9    God:
Gold:   135        SH:  4    Dex: 11    Spells: 3/3 levels left

rFire   . . .      SeeInvis .   a - +0 flail
rCold   . . .      Faith    .   c - +0 buckler
rNeg    + . .      Spirit   .   j - +0 leather armour
rPois   ∞          Reflect  .   (no helmet)
rElec   +          Harm     .   (no cloak)
rCorr   .          Rampage  .   (no gloves)
Will    .....                   (no boots)
Stlth   +.........              (no amulet)
HPRegen 0.09/turn               (no ring)
MPRegen 0.09/turn               (no ring)

@: no status effects
A: sickness immunity, AC +3, negative energy resistance 1, electricity
resistance, torment resistance 1, petrification resistance
a: no special abilities


You were on level 2 of the Dungeon.
You visited 1 branch of the dungeon, and saw 3 of its levels.

You collected 135 gold pieces.

Inventory:

Hand Weapons
 a - a +0 flail (weapon)
Missiles
 i - 23 stones (quivered)
 l - 4 poisoned darts
 t - 2 throwing nets
Armour
 b - a +0 scale mail
 c - a +0 buckler (worn)
 j - a +0 leather armour (worn)
Scrolls
 e - a scroll of butterflies {unknown}
 k - a scroll of magic mapping {unknown}
 m - a scroll of amnesia {unknown}
 n - a scroll of enchant weapon {unknown}
 p - a scroll of enchant armour {unknown}
 r - a scroll of poison {unknown}
 s - a scroll of immolation
 u - a scroll of acquirement {unknown}
Potions
 d - a potion of might
 f - a potion of lignification
 g - 2 potions of flight
 h - a potion of mutation {unknown}
 o - a potion of haste
 q - a potion of attraction {unknown}


   Skills:
 + Level 3.8 Fighting
 + Level 2.6 Maces & Flails
 * Level 4.2 Armour
 + Level 0.2 Dodging
 + Level 0.2 Stealth
 + Level 3.4 Shields


You had 3 spell levels left.
You didn't know any spells.
Your spell library contained the following spells:

 Spells                   Type           Power      Damage    Failure   Level
 Shock                    Conj/Air       0%         1d3       54%         1
 Ozocubu's Armour         Ice            0%         N/A       88%         3
 Swiftness                Air            0%         N/A       88%         3
 Airstrike                Air            0%         2d(0-16)  99%         4
 Ozocubu's Refrigeration  Ice            0%         4d7       100%        7


Dungeon Overview and Level Annotations

Branches:
Dungeon (3/15)

Altars:


Innate Abilities, Weirdness & Mutations

You are immune to sickness and miasma.
Your stone body is resilient. (AC +3)
You are immune to poison.
You resist negative energy. (rN+)
You are resistant to electric shocks. (rElec)
You are resistant to unholy torment.
You are immune to petrification.


Message History

The gnoll shouts!
The ball python barely misses you. You block the ball python's attack.
You block the gnoll's attack.
The gnoll hits you from afar with a +0 halberd.
The ball python barely misses you. x2
There is a stone staircase leading up here.
The gnoll completely misses you. You block the ball python's attack.
The ball python grabs you.
You stop ascending the stairs.
The ball python constricts you. The gnoll closely misses you.
Unknown command.
You hit the ball python.
You kill the ball python!
The gnoll hits you from afar with a +0 halberd.
The gnoll closely misses you. The gnoll misses you.
The gnoll completely misses you. The gnoll barely misses you.
The gnoll hits you from afar with a +0 halberd!
The gnoll hits you with a +0 flail. x2
You climb upwards.
There is a stone staircase leading down here.
You barely miss the gnoll. The gnoll hits you but does no damage.
The gnoll hits you with a +0 flail.
You hit the gnoll.
The gnoll is moderately wounded.
The gnoll hits you but does no damage. You block the gnoll's attack.
You barely miss the gnoll.
The gnoll is moderately wounded.
The gnoll hits you but does no damage. x2; You block the gnoll's attack.
The gnoll hits you with a +0 flail.
* * * LOW HITPOINT WARNING * * *
You hit the gnoll but do no damage.
The gnoll is moderately wounded.
The gnoll hits you but does no damage. The gnoll closely misses you.
You hit the gnoll.
The gnoll is heavily wounded.
The gnoll hits you but does no damage. The gnoll barely misses you.
The gnoll misses you. The gnoll closely misses you.
You barely miss the gnoll.
The gnoll is heavily wounded.
The gnoll barely misses you. The gnoll hits you with a +0 flail!
You die...

### #.#.###.##.# #.#<#
#.##.# #.#.# #.##.# #
#.#.# #.##.# # #.#.#
#.##.# ### #.#.# #.##.#
..# #.#.# #.##.#
..##########.#.###.##.#
................@g...>#
..############.g##.####
..# #..##.#
##############..##.#
................##.#
###.###########.##.#
#.# #.##.# #.#
######.##.# #.#
#......##.###


You could see 2 gnolls.

Vanquished Creatures
  An adder (D:2)
  2 dart slugs (D:1)
  An orc (D:3)
  2 endoplasms (D:1)
  5 goblins
  5 hobgoblins
  2 jackals (D:3)
  2 quokkas
  11 ball pythons
  3 bats
  6 frilled lizards
  6 kobolds
  2 rats (D:1)
48 creatures vanquished.

Notes
Turn   | Place    | Note
-------+----------+-------------------------------------------
     0 | D:1      | KittyFluff the Gargoyle Fighter began the quest for the
                  | Orb.
     0 | D:1      | Reached XP level 1. HP: 14/14 MP: 1/1
   234 | D:1      | Reached XP level 2. HP: 19/19 MP: 2/2
   501 | D:1      | Reached skill level 4 in Armour
   659 | D:1      | Reached XP level 3. HP: 19/24 MP: 3/3
  1355 | D:2      | Found a faded altar of an unknown god.
  2064 | D:3      | Reached XP level 4. HP: 29/29 MP: 4/4
  2282 | D:2      | Slain by a gnoll

Illustrated notes

Levels and vault maps discovered:
D:1:      dpeg_arrival_houses_and_road, layout_basic, minmay_tetromino_s2
D:2:      layout_loops_ring, hellmonk_ecumenical_altar_blasted
D:3:      layout_basic

Skill      XL: |  1  2 |
---------------+-------+-----
Armour         | 4 |  4.2
Fighting       | |  3.8
Maces & Flails | |  2.6
Dodging        | |  0.2
Stealth        | |  0.2
Shields        | |  3.4

Action                   |  1- 3 |  4- 6 || total
-------------------------+-------+-------++-------
Melee: Flail             |   137 |    30 ||   167
  Use: Scroll            |     3 |       ||     3
 Stab: Sleeping          |       |     1 ||     1
Armor: Scale mail        |    34 |       ||    34
       Leather armour    |    33 |    12 ||    45
Dodge: Dodged            |    67 |    32 ||    99
Block: Buckler           |    35 |     7 ||    42
